 Dungeon Crawl Stone Soup version 0.19.5 (webtiles) character file.

50 Erymatos the Cudgeler (level 3, -4/49 HPs)
             Began as a Minotaur Berserker on Oct 18, 2017.
             Was a Believer of Trog.
             Slain by a gnoll
             ... wielding a +0 spear of piercing
              (6 damage)
             ... on level 2 of the Dungeon.
             The game lasted 00:01:51 (799 turns).

Erymatos the Cudgeler (Minotaur Berserker)           Turns: 799, Time: 00:01:52

Health: -4/49      AC:  5    Str: 27    XL:     3   Next: 55%
Magic:  2/2        EV: 11    Int:  4    God:    Trog [**....]
Gold:   24         SH:  0    Dex:  9    Spells: 0 memorised, 2 levels left

rFire  . . .     SeeInvis +     a - +0 mace
rCold  . . .     Gourm    .     q - -1 scale mail (curse)
rNeg   . . .     Faith    +     (no shield)
rPois  .         Spirit   .     (helmet restricted)
rElec  .         Reflect  .     (no cloak)
rCorr  .         Harm     .     (no gloves)
MR     .....                    (no boots)
Stlth  ..........               f - amulet of faith
                                (no ring)
                                r - ring of see invisible

@: berserking, very quick
A: retaliatory headbutt, horns 2
a: Berserk, Trog's Hand, Burn Spellbooks, Renounce Religion


You were on level 2 of the Dungeon.
You worshipped Trog.
Trog was pleased with you.
You were hungry.

You visited 1 branch of the dungeon, and saw 2 of its levels.

You collected 24 gold pieces.

Inventory:

Hand Weapons
 a - a +0 mace (weapon)
Armour
 b - a +0 animal skin
 q - a cursed -1 scale mail (worn)
Jewellery
 f - an amulet of faith (around neck)
 r - a ring of see invisible (left hand)
Scrolls
 g - 3 scrolls of identify {unknown}
 h - a scroll of fog {unknown}
 i - a scroll of amnesia {unknown}
 n - a scroll of immolation {unknown}
 o - a scroll of blinking {unknown}
 s - a scroll of enchant weapon {unknown}
Potions
 d - a potion of lignification {unknown}
 e - a potion of cure mutation {unknown}
 j - 2 potions of degeneration {unknown}
 k - a potion of heal wounds {unknown}
 l - a potion of flight {unknown}
Comestibles
 c - 2 bread rations
 m - a slice of pizza
 p - a beef jerky


   Skills:
 + Level 4.1 Fighting
 + Level 4.7 Maces & Flails
 + Level 2.7 Armour
 + Level 2.6 Dodging


You had 2 spell levels left.
You didn't know any spells.

Dungeon Overview and Level Annotations

Branches:
Dungeon (2/15)

Altars:


Innate Abilities, Weirdness & Mutations

You reflexively headbutt those who attack you in melee.
You have a pair of horns on your head.


Message History

You are too injured to fight recklessly!
A red film seems to cover your vision as you go berserk!
You feel yourself moving faster!
You feel mighty!
You are feeling hungry.
The gnoll hits you from afar with a spear of piercing.
* * * LOW HITPOINT WARNING * * *
x2 The gnoll hits you with a spear.
* * * LOW HITPOINT WARNING * * *
You are too injured to fight recklessly!
You are too injured to fight recklessly!
Unknown command.
You sock the gnoll! Your headbutt misses the gnoll.
The gnoll is severely wounded.
The gnoll closely misses you.
Unknown command.
You thump the gnoll!
You kill the gnoll!
Trog accepts your kill.
The gnoll hits you from afar with a spear of piercing.
You die...

#.# ##### ###.######
##...## #........##
##.###.###.#........
..................##
##.....#####.###.>.#
##.....# #.# #..#
#.#####.# #.###.##
.## #.# #....@)# .#
# #.###..g..... .##
#.# ###.##### #.##
#.# .# ##.###.# #.#
# ......# ..#
###.#.# ###
###.#.#.##
..........


You could see a gnoll.

Vanquished Creatures
  An adder (D:2)
  A gnoll (D:2)
  A dart slug (D:1)
  2 giant cockroaches (D:1)
  3 goblins
  6 hobgoblins
  2 kobolds
  A ball python (D:1)
  4 bats
  A frilled lizard (D:1)
  7 rats
29 creatures vanquished.

Notes
Turn   | Place    | Note
-------+----------+-------------------------------------------
     0 | D:1      | Erymatos the Minotaur Berserker began the quest for the Orb.
     0 | D:1      | Reached XP level 1. HP: 19/19 MP: 0/0
    54 | D:1      | Reached XP level 2. HP: 19/27 MP: 1/1
   412 | D:1      | Reached ** piety under Trog
   770 | D:2      | Reached XP level 3. HP: 24/33 MP: 2/2
   797 | D:2      | HP: 2/49 [gnoll/spear (4)]
   799 | D:2      | Slain by a gnoll

Skill      XL: |  1  2 |
---------------+-------+-----
Maces & Flails | 4 |  4.7
Fighting       | 4 |  4.1
Armour         | |  2.7
Dodging        | |  2.6

Action                   || total
-------------------------++-------
Melee: Mace              ||    51
       Headbutt          ||    10
Invok: Berserk           ||     1
Armor: Scale mail        ||     7
       Animal skin       ||     3
Dodge: Dodged            ||    30
